 Dungeon Crawl Stone Soup version 0.26.1-2-gb8aa6d0cf2 (webtiles) character file.

Game seed: 3598301995873379855

40084 Gadfly the Basher (level 13, -5/131 HPs)
             Began as a Troll Berserker on Mar 2, 2021.
             Was the Champion of Trog.
             Slain by a death yak (16 damage)
             ... on level 4 of the Lair of Beasts.
             The game lasted 00:32:47 (16114 turns).

Gadfly the Basher (Troll Berserker)                Turns: 16114, Time: 00:32:48

Health: -5/131     AC: 15    Str: 29    XL:     13   Next: 72%
Magic:  0/9        EV: 10    Int:  3    God:    Trog [******]
Gold:   777        SH:  0    Dex: 12    Spells: 12/12 levels left

rFire    + . .     SeeInvis +   a - +2 demon whip (elec)
rCold    . . .     Faith    .   (no shield)
rNeg     . . .     Spirit   +   F - +1 acid dragon scales
rPois    .         Reflect  .   (helmet restricted)
rElec    .         Harm     .   k - +0 cloak
rCorr    +         Rampage  .   (gloves unavailable)
Will     .....                  (boots unavailable)
Stlth    ..........             x - amulet of guardian spirit
HPRegen  0.71/turn              u - ring of see invisible
MPRegen  0.11/turn              I - ring "Juogh" {+Fly rF+ rCorr Stlth-}

@: no status effects
A: large, unfitting armour, claws 3, horns 1, low mp 2, regeneration 1, shaggy
fur 1, tough skin 3, MP-powered wands
a: Renounce Religion, Evoke Flight, Berserk, Trog's Hand, Brothers in Arms


You were on level 4 of the Lair of Beasts.
You worshipped Trog.
Trog was exalted by your worship.
You visited 2 branches of the dungeon, and saw 15 of its levels.
You also visited: Ossuary and Bailey.

You collected 1033 gold pieces.
You spent 256 gold pieces at shops.

Inventory:

Hand Weapons
 a - a +2 demon whip of electrocution (weapon)
 b - a +1 great mace of flaming
 m - a +4 giant club of venom
 N - the +5 giant spiked club of Reacy {vorpal, +Fly Str+3}
   (Trog gifted it to you on level 3 of the Lair of Beasts)

   It inflicts extra damage upon your enemies.
   It affects your strength (+3).
   It lets you fly.
Armour
 k - a +0 cloak (worn)
 F - +1 acid dragon scales (worn)
Jewellery
 u - a ring of see invisible (left claw)
 x - an amulet of guardian spirit (around neck)
 D - an uncursed ring of fire
 G - an uncursed ring of positive energy
 I - the ring "Juogh" (right claw) {+Fly rF+ rCorr Stlth-}
   (You acquired it in a bailey)

   [ring of resist corrosion]

   It protects you from fire.
   It lets you fly.
   It provides partial protection from all sources of acid and corrosion.
   It makes you less stealthy.
Wands
 g - a wand of enslavement (13)
 n - a wand of flame (34) (quivered)
 s - a wand of acid (13)
 A - a wand of paralysis (9)
 C - a wand of random effects (14)
 E - a wand of iceblast (14)
Scrolls
 c - 3 scrolls of fear
 i - 7 scrolls of remove curse
 j - 4 scrolls of enchant weapon
 l - 2 scrolls of identify
 p - 7 scrolls of teleportation
 r - 2 scrolls of blinking
 t - 5 scrolls of fog
 v - 5 scrolls of enchant armour
 y - a scroll of silence
 z - 3 scrolls of summoning
 J - a scroll of magic mapping
Potions
 d - a potion of mutation
 e - 5 potions of haste
 f - 3 potions of might
 h - 2 potions of lignification
 o - 2 potions of attraction
 q - 4 potions of curing
 w - 7 potions of ambrosia
 B - 2 potions of cancellation
Miscellaneous
 M - a phantom mirror


   Skills:
 + Level 9.4 Fighting
 * Level 13.4 Maces & Flails
 + Level 9.5 Armour
 - Level 2.4 Dodging
 + Level 8.8 Evocations


You had 12 spell levels left.
You didn't know any spells.
Your spell library was empty.

Dungeon Overview and Level Annotations

Branches:
Dungeon (11/15)            Temple (0/1) D:4            Lair (4/6) D:10
  Swamp (0/4) Lair:2        Snake (0/4) Lair:2          Orc (0/2) D:9
Ossuary (visited)          Bailey (visited)

Altars:
Kikubaaqudgha
Qazlal
Ru
Sif Muna
Wu Jian
Xom
Yredelemnul

Shops:
D:4 !   D:7 ?

Portals:
Abyss: Lair:4

Annotations:
Lair:4 1 transporter, Hudbad's ghost, journeyman GrFE


Innate Abilities, Weirdness & Mutations

You are too large for most types of armour.
You have claws for hands.
Your natural rate of healing is unusually fast.
You are covered in fur. (AC +1)
You have extremely tough skin. (AC +3)
You have a pair of small horns on your head.
Your magical capacity is very low. (-20% MP)
You expend magic power (3 MP) to strengthen your wands.


Message History

Trog accepts your kill.
You hear a zap.
You hear a grinding noise.
The death yak gores you!
* * * LOW HITPOINT WARNING * * *
You see here a water moccasin corpse.
You hit the death yak but do no damage.
Lightning courses through the death yak!
The death yak is heavily wounded.
You hit the death yak.
The death yak is heavily wounded.
The death yak gores you!!
* * * LOW HITPOINT WARNING * * *
You hit the death yak but do no damage.
You headbutt the death yak, but do no damage.
The death yak is heavily wounded.
You hit the death yak.
Lightning courses through the death yak!
The death yak is severely wounded.
The death yak gores you!
You die...

#..............## #...........
####..............####...........
#..#.............###.............
Y................####.#.........#
..................# ##.#P#.....##
................#### ######..###
....####....###..#.# ####.#.##
.####..##..##.##Y†## #P#.....#
©#......#.##.4u#@.# ####...#..##
.##.##.. #.#:##..###....###...##
..##### #. #...##...### #.....
#.....## ##.###.......## ##P...
#......#.#.4#...#....### ####.
..###..##i4u#©.........# ##
.##.##..#..u##....###### ### ##
.∩# ##.# ##...# #P# ## ..###4 #
#...# #..


You could see a white very ugly thing, a death yak and an orange demon.

Vanquished Creatures
  Snorg (D:10)
  Erolcha (D:10)
  A catoblepas (Lair:3)
  A boulder beetle (Lair:4)
  4 hydras
  5 death yaks
  2 orc knights (Bailey)
  Pikel (D:5)
  A will-o-the-wisp (Lair:2)
  3 oklob plants (Lair:1)
  7 elephants
  3 black mambas
  Joseph (D:9)
  Maurice (D:8)
  A torpor snail (Lair:3)
  Maggie (D:8)
  A komodo dragon (Lair:2)
  A rime drake (Lair:1)
  15 cane toads
  A gargoyle (D:8)
  3 trolls
  A queen bee (D:10)
  A polar bear (Lair:3)
  Grinder (D:3)
  Prince Ribbit (D:8)
  4 blink frogs (Lair:4)
  Sigmund (D:2)
  A vampire (D:10)
  39 yaks
  5 wyverns
  7 basilisks
  2 nagas (Lair:2)
  16 water moccasins
  Duvessa (D:7)
  12 orc warriors
  3 black bears
  5 sky beasts
  An ice beast (D:10)
  16 wolves (Lair:4)
  3 phantoms
  4 ogres
  A lemure (D:5)
  2 big kobolds (D:10)
  An elf zombie (D:6)
  7 bullfrogs
  A wyvern zombie (D:10)
  Dowan (D:7)
  4 elf skeletons (D:6)
  2 water moccasin zombies (Ossuary)
  3 scorpions
  15 killer bees (D:10)
  A howler monkey (D:6)
  2 electric eels (Lair:3)
  A lava snake (Lair:3)
  A human zombie (D:6)
  A bullfrog zombie (D:7)
  3 hounds
  6 orc wizards
  2 orc priests
  A bullfrog skeleton (D:7)
  Terence (D:3)
  2 iguanas
  7 worker ants
  Natasha (thrice) (D:3)
  2 hell rats (Lair:3)
  4 human skeletons (D:6)
  A big kobold zombie (Ossuary)
  A hound zombie (D:8)
  2 mummies (Ossuary)
  Robin (D:2)
  7 gnolls
  A howler monkey skeleton (D:9)
  4 river rats (Lair:3)
  11 adders
  4 shadow imps
  3 white imps
  3 ufetubi
  2 oozes (D:3)
  6 adder zombies
  3 worms
  3 leopard geckos
  64 orcs
  4 bats
  4 giant cockroaches
  A gnoll zombie (Ossuary)
  13 goblins
  13 hobgoblins
  18 jackals
  14 kobolds
  3 quokkas
  3 ball pythons
  2 frilled lizards
  3 hobgoblin zombies (Ossuary)
  4 kobold zombies (Ossuary)
  An orc skeleton (D:6)
  7 orc zombies (Ossuary)
  2 quokka zombies
  19 rats
  A spectral orc (D:3)
481 creatures vanquished.

Vanquished Creatures (others)
  A scorpion (D:8)
  2 orcs (D:8)
  6 foxfires (Lair:2)
  11 fungi
  31 plants
51 creatures vanquished.

Grand Total: 532 creatures vanquished

Notes
Turn   | Place    | Note
-------+----------+-------------------------------------------
     0 | D:1      | Gadfly the Troll Berserker began the quest for the Orb.
     0 | D:1      | Reached XP level 1. HP: 22/22 MP: 0/0
    28 | D:1      | Found a shimmering altar of Xom.
   490 | D:1      | Gained mutation: You are covered in thick fur. (AC +2)
                  | [potion of mutation]
   490 | D:1      | Gained mutation: Your movements are slightly less
                  | encumbered by armour. (ER -2) [potion of mutation]
   490 | D:1      | Gained mutation: Your spells are a little harder to cast,
                  | but a little more powerful. [potion of mutation]
   518 | D:2      | Reached XP level 2. HP: 29/29 MP: 1/1
   588 | D:2      | Noticed Robin
   602 | D:2      | Reached skill level 1 in Armour
   615 | D:2      | Reached XP level 3. HP: 33/36 MP: 2/2
   619 | D:2      | Reached skill level 1 in Evocations
   725 | D:2      | Reached ** piety under Trog
   726 | D:2      | Reached skill level 3 in Maces & Flails
   878 | D:2      | Killed Robin
   883 | D:2      | Reached XP level 4. HP: 44/44 MP: 3/3
   894 | D:2      | Noticed Sigmund
  1147 | D:2      | Killed Sigmund
  1148 | D:2      | Reached XP level 5. HP: 33/53 MP: 4/4
  1474 | D:2      | Found a faded altar of an unknown god.
  1711 | D:3      | Reached XP level 6. HP: 37/61 MP: 5/5
  1805 | D:3      | Noticed Grinder
  1807 | D:3      | Noticed Terence
  1820 | D:3      | Killed Terence
  1821 | D:3      | Killed Grinder
  1868 | D:3      | Reached XP level 7. HP: 62/67 MP: 6/6
  2007 | D:3      | Noticed Natasha
  2012 | D:3      | Killed Natasha
  2267 | D:3      | Found a basalt altar of Yredelemnul.
  2346 | D:3      | Noticed Natasha
  2352 | D:3      | Killed Natasha
  2377 | D:3      | Noticed Natasha
  2385 | D:3      | Killed Natasha
  2558 | D:4      | Found Meraop's Distillery.
  2571 | D:4      | Bought a potion of curing for 36 gold pieces
  2619 | D:4      | Reached *** piety under Trog
  2631 | D:4      | Reached skill level 4 in Maces & Flails
  2822 | D:4      | Found a staircase to the Ecumenical Temple.
  3520 | D:5      | Entered Level 5 of the Dungeon
  3568 | D:5      | Reached XP level 8. HP: 36/78 MP: 7/7
  3785 | D:5      | Noticed Pikel
  3808 | D:5      | Killed Pikel
  3809 | D:5      | Reached skill level 5 in Maces & Flails
  4372 | D:5      | Identified a scroll of acquirement
  4374 | D:5      | Acquired a +2 demon whip of electrocution
  4474 | D:6      | Reached skill level 6 in Maces & Flails
  4749 | D:6      | Found a sacrificial altar of Ru.
  4806 | D:6      | Reached XP level 9. HP: 85/85 MP: 8/8
  4807 | D:6      | Found a sand-covered staircase.
  4820 | Ossuary  | Entered an ossuary
  4843 | Ossuary  | Reached skill level 5 in Armour
  4871 | Ossuary  | Reached **** piety under Trog
  4988 | Ossuary  | Lost mutation: Your spells are a little harder to cast, but
                  | a little more powerful. [potion of mutation]
  4988 | Ossuary  | Lost mutation: You are covered in thick fur. (AC +2)
                  | [potion of mutation]
  4988 | Ossuary  | Lost mutation: Your movements are slightly less encumbered
                  | by armour. (ER -2) [potion of mutation]
  4988 | Ossuary  | Gained mutation: Scrolls take you a little longer to read.
                  | [potion of mutation]
  4988 | Ossuary  | Gained mutation: You can translocate small distances at
                  | will. [potion of mutation]
  4988 | Ossuary  | Gained mutation: You are weak. (Str -2) [potion of
                  | mutation]
  4988 | Ossuary  | Gained mutation: You are strong-willed. (Will+) [potion of
                  | mutation]
  4989 | Ossuary  | Lost mutation: You can translocate small distances at will.
                  | [potion of mutation]
  4989 | Ossuary  | Lost mutation: Scrolls take you a little longer to read.
                  | [potion of mutation]
  4989 | Ossuary  | Gained mutation: You are robust. (+10% HP) [potion of
                  | mutation]
  4989 | Ossuary  | Gained mutation: You expend magic power (3 MP) to
                  | strengthen your wands. [potion of mutation]
  4989 | Ossuary  | Gained mutation: Your magical capacity is low. (-10% MP)
                  | [potion of mutation]
  4989 | Ossuary  | Gained mutation: You are partially covered in yellow
                  | scales. (AC +2) [potion of mutation]
  5022 | D:6      | Reached skill level 5 in Fighting
  5269 | D:6      | Found an ornate altar of the Wu Jian Council.
  5281 | D:6      | Reached skill level 7 in Maces & Flails
  5611 | D:6      | Found a shimmering blue altar of Sif Muna.
  5732 | D:7      | Reached skill level 5 in Evocations
  5830 | D:7      | Found Zyatzuh's Magic Scroll Boutique.
  5833 | D:7      | Bought a scroll of silence for 97 gold pieces
  5833 | D:7      | Bought a scroll of summoning for 123 gold pieces
  5902 | D:7      | Noticed Duvessa
  5906 | D:7      | Noticed Dowan
  5912 | D:7      | Killed Duvessa
  5923 | D:7      | Killed Dowan
  6095 | D:7      | Reached ***** piety under Trog
  6293 | D:8      | Noticed Maggie
  6325 | D:8      | Killed Maggie
  6404 | D:8      | Found a flagged portal.
  6413 | D:8      | Reached XP level 10. HP: 107/107 MP: 8/8
  6429 | Bailey   | Entered a bailey
  6592 | Bailey   | Reached skill level 8 in Maces & Flails
  6755 | Bailey   | Noticed an orc knight
  6805 | Bailey   | Acquired the ring "Juogh" {+Fly rF+ rCorr Stlth-}
  6828 | Bailey   | Killed an orc knight
  6894 | Bailey   | Noticed an orc knight
  6928 | Bailey   | Killed an orc knight
  7441 | D:8      | Found a stormy altar of Qazlal.
  7721 | D:8      | Noticed Maurice
  7724 | D:8      | Noticed Prince Ribbit
  7735 | D:8      | Killed Maurice
  7736 | D:8      | Reached skill level 9 in Maces & Flails
  7748 | D:8      | Killed Prince Ribbit
  7956 | D:8      | Noticed a gargoyle
  7969 | D:8      | Killed a gargoyle
  7971 | D:8      | Received a gift from Trog
  8178 | D:8      | Lost mutation: You are robust. (+10% HP) [potion of
                  | mutation]
  8178 | D:8      | Lost mutation: You are partially covered in yellow scales.
                  | (AC +2) [potion of mutation]
  8178 | D:8      | Lost mutation: You are strong-willed. (Will+) [potion of
                  | mutation]
  8178 | D:8      | Lost mutation: You are weak. (Str -2) [potion of mutation]
  8178 | D:8      | Gained mutation: Your magical capacity is very low. (-20%
                  | MP) [potion of mutation]
  8178 | D:8      | Gained mutation: You have a pair of small horns on your
                  | head. [potion of mutation]
  8441 | D:9      | Found a staircase to the Orcish Mines.
  8744 | D:9      | Found a sacrificial altar of Ru.
  8767 | D:9      | Noticed Joseph
  8781 | D:9      | Killed Joseph
  8782 | D:9      | Reached XP level 11. HP: 73/107 MP: 7/7
  8993 | D:10     | Entered Level 10 of the Dungeon
  9026 | D:10     | Noticed Snorg
  9062 | D:10     | Killed Snorg
  9392 | D:10     | Reached skill level 10 in Maces & Flails
  9644 | D:10     | Noticed Erolcha
  9679 | D:10     | Killed Erolcha
  9716 | D:10     | Found a staircase to the Lair.
  9743 | D:10     | Found an ancient bone altar of Kikubaaqudgha.
 10320 | D:11     | Noticed a seven-headed hydra
 10327 | D:11     | Killed a seven-headed hydra
 10441 | Lair:1   | Entered Level 1 of the Lair of Beasts
 10518 | Lair:1   | Noticed an oklob plant
 10670 | Lair:1   | Reached skill level 11 in Maces & Flails
 10734 | Lair:1   | Noticed an oklob plant
 10734 | Lair:1   | Noticed an oklob plant
 10747 | Lair:1   | Killed an oklob plant
 10753 | Lair:1   | Killed an oklob plant
 10754 | Lair:1   | Reached XP level 12. HP: 86/119 MP: 1/8
 10832 | Lair:1   | You fall into a shaft and drop 1 floor!
 11356 | Lair:1   | Received a gift from Trog
 12343 | Lair:2   | Found a staircase to the Snake Pit.
 12510 | Lair:2   | Reached skill level 12 in Maces & Flails
 12798 | Lair:2   | Found a staircase to the Swamp.
 13463 | Lair:3   | Noticed a catoblepas
 13488 | Lair:3   | Killed a catoblepas
 13515 | Lair:3   | Noticed an eight-headed hydra
 13522 | Lair:3   | Killed an eight-headed hydra
 13523 | Lair:3   | Reached XP level 13. HP: 105/130 MP: 0/9
 13768 | Lair:3   | Received a gift from Trog
 13905 | Lair:3   | Got an ancient giant spiked club {god gift}
 13906 | Lair:3   | Identified the +5 giant spiked club of Reacy {vorpal, +Fly
                  | Str+3} (Trog gifted it to you on level 3 of the Lair of
                  | Beasts)
 14371 | Lair:4   | Found a transporter.
 14377 | Lair:4   | Noticed a white very ugly thing
 14766 | Lair:3   | Reached ****** piety under Trog
 15033 | Lair:4   | Reached skill level 13 in Maces & Flails
 15997 | Lair:4   | Found a one-way gate to the infinite horrors of the Abyss.
 15997 | Lair:4   | Noticed Hudbad's ghost (journeyman GrFE)
 16114 | Lair:4   | Slain by a death yak

Illustrated notes

Levels and vault maps discovered:
D:1:      evilmike_arrival_hilbert_curve, layout_rooms, xom_teletrap_fun
D:2:      layout_loops_ring, chequers_ecumenical_altar_simple,
          minmay_misc_feat_room, uniq_sigmund, uniq_robin
D:3:      layout_basic, yredelemnul_forgotten_temple_becter,
          nicolae_underground_beach, uniq_terence, uniq_grinder, uniq_natasha
D:4:      layout_layer_cave, minmay_temple_entry_waves, serial_shops,
          shop_statue
D:5:      layout_loops_cross, uniq_pikel
D:6:      layout_loops_ring, lemuel_doored_altar, kennysheep_little_box,
          kennysheep_mini, nicolae_ossuary_entry_catacombs
D:7:      layout_rooms, serial_shops, shop, uniq_duvessa
D:8:      cheibrodos_elevator_heist, layout_loops_cross, grunt_qazlal_clouds,
          serial_glass, glass_columns_c, glass_columns_a, enter_bailey_5,
          uniq_maurice, uniq_prince_ribbit1, uniq_maggie
D:9:      layout_roguey, orc_0_dummy, nicolae_ru_the_path_less_chosen,
          uniq_joseph
D:10:     layout_long_grid, minmay_lair_entry_grove, basic_altar, special_room
          [special_room_bee], uniq_erolcha, uniq_snorg
D:11:     layout_basic
Lair:1:   layout_roguey, hangedman_lair_unloving_vines,
          cheibrodos_lair_caveside_slide, infiniplex_staircase_pool,
          minmay_lair_oklob_chamber, serial_bayou_shore_b
Lair:2:   layout_cellular_growth, minmay_swamp_entry_wisps,
          guppyfry_snake_entry_garden
Lair:3:   layout_gridlike, kennysheep_abandoned_house, grunt_megastairs_3
Lair:4:   layout_cave_pods, gammafunk_ghost_abyssal_escape, grunt_megastairs_2

Skill      XL: |  1  2  3  4  5  6  7  8  9 10 11 12 13 |
---------------+----------------------------------------+-----
Armour         | 1 2 3 4 5 6 7 8 9 |  9.5
Evocations     | 1 2 3 4 5 6 7 8 |  8.8
Maces & Flails | 3 4 6 7 9 11 12 13 | 13.4
Fighting       | 3 4 5 6 7 8 9 |  9.4
Dodging        | |  2.4

Action                   |  1- 3 |  4- 6 |  7- 9 | 10-12 | 13-15 || total
-------------------------+-------+-------+-------+-------+-------++-------
Melee: Mace              |    98 |    63 |    59 |       |       ||   220
       Hand axe          |       |       |    98 |       |       ||    98
       Demon whip        |       |       |   327 |   742 |   295 ||  1364
       Headbutt          |       |       |       |   115 |    79 ||   194
       Great mace        |       |       |       |     3 |    10 ||    13
       Giant club        |       |       |       |       |    26 ||    26
       Giant spiked club |       |       |       |       |     2 ||     2
Invok: Berserk           |     2 |     1 |       |     1 |       ||     4
       Trog's Hand       |       |       |       |     1 |       ||     1
Evoke: Wand              |       |       |       |    20 |       ||    20
  Use: Scroll            |     3 |     5 |    12 |     7 |     3 ||    30
       Potion            |     2 |     3 |     2 |     5 |     1 ||    13
 Stab: Sleeping          |     3 |     1 |     3 |       |       ||     7
       Paralysed         |       |       |       |     6 |       ||     6
       Petrified         |       |       |       |     3 |       ||     3
Armor: Animal skin       |    16 |       |       |       |       ||    16
       Robe              |    22 |    22 |   184 |       |       ||   228
       Acid dragon scale |       |       |       |   229 |   144 ||   373
       Skin              |       |       |       |    91 |       ||    91
Dodge: Dodged            |    52 |    25 |   210 |   293 |   139 ||   719
